 Dungeon Crawl Stone Soup version 0.29.0-10-g45618ea6d2 (webtiles) character file.

Game seed: 12552651159004520377

42 smilodon the Slasher (level 3, -13/27 HPs)
             Began as a Demonspawn Gladiator on Sept 2, 2022.
             Killed by nerve-wracking pain
             ... invoked by Jessica
              (14 damage)
             ... on level 2 of the Dungeon.
             The game lasted 00:01:37 (1629 turns).

smilodon the Slasher (Demonspawn Gladiator)         Turns: 1629, Time: 00:01:39

Health: -13/27     AC:  6    Str: 16    XL:     3   Next: 33%
Magic:  12/12      EV: 12    Int:  9    God:
Gold:   70         SH:  0    Dex: 14    Spells: 2/2 levels left

rFire   . . .      SeeInvis .   a - +0 long sword
rCold   . . .      Faith    .   (no shield)
rNeg    . . .      Spirit   .   b - +0 leather armour
rPois   .          Reflect  .   f - +0 helmet
rElec   .          Harm     .   (no cloak)
rCorr   .          Rampage  .   (no gloves)
Will    .....                   (no boots)
Stlth   +.........              (no amulet)
HPRegen 0.09/turn               j - ring of magical power
MPRegen 0.13/turn               (no ring)

@: no status effects
A: slimy green scales 1
a: no special abilities


You were on level 2 of the Dungeon.
You visited 1 branch of the dungeon, and saw 2 of its levels.

You collected 70 gold pieces.

Inventory:

Hand Weapons
 a - a +0 long sword (weapon)
Missiles
 d - 3 throwing nets (quivered)
 e - a javelin
Armour
 b - a +0 leather armour (worn)
 c - a +0 helmet
 f - a +0 helmet (worn)
Jewellery
 j - a ring of magical power (left hand)
Scrolls
 k - a scroll of noise
 l - a scroll of enchant weapon
 m - a scroll of vulnerability
Potions
 o - a potion of curing


   Skills:
 + Level 2.2 Fighting
 + Level 3.5 Long Blades
 - Level 2.0 Throwing
 + Level 0.2 Armour
 + Level 2.9 Dodging


You had 2 spell levels left.
You didn't know any spells.
Your spell library contained the following spells:

 Spells                   Type           Power      Damage    Failure   Level
 Corpse Rot               Necr/Pois/Air  0%         N/A       99%         4
 Monstrous Menagerie      Summ           0%         N/A       100%        7
 Infestation              Necr           0%         N/A       100%        8


Dungeon Overview and Level Annotations

Branches:
Dungeon (2/15)

Altars:

Shops:
D:1 [

Annotations:
D:2 Jessica


Innate Abilities, Weirdness & Mutations

You are partially covered in slimy green scales. (AC +2)


Message History

No target in view!
No target in view!
No target in view!
No target in view!
HP restored.
Jessica the Apprentice Sorceress comes into view.
She is wielding a +0 club.
Found a large bone amulet.
Found a stone staircase leading up.
Jessica is nearby!
A hobgoblin comes into view.
The hobgoblin shouts!
Jessica gestures at you while chanting. Pain shoots through your body!
A goblin comes into view. It is wielding a +0 dagger.
You closely miss Jessica.
The goblin shouts!
Jessica hits you with a +0 club. Jessica hits you but does no damage.
You closely miss Jessica. Jessica hits you but does no damage.
You hit Jessica.
Jessica is severely wounded.
Jessica hits you with a +0 club.
You hit Jessica.
Jessica is severely wounded.
The hobgoblin hits you. Jessica closely misses you.
You hit Jessica but do no damage.
Jessica is severely wounded.
The hobgoblin barely misses you. Jessica hits you with a +0 club.
You are too injured to fight recklessly!
You are too injured to fight recklessly!
You are too injured to fight recklessly!
You are too injured to fight recklessly!
Jessica attacks as you move away! Jessica hits you with a +0 club!
* * * LOW HITPOINT WARNING * * *
The hobgoblin completely misses you. Jessica attacks as you move away!
Jessica barely misses you. The goblin attacks as you move away!
The goblin hits you with a +0 dagger.
* * * LOW HITPOINT WARNING * * *
Jessica casts a spell at you. Pain shoots through your body!
Ouch! That really hurt!
You die...

#.# #.# #.#
#.# # #.# #.
#.## #. #..#
#.###.#######
#....@......#
#....g...##.#
#..@.g...#
#...<....#
#..".....#
##.......#
#.......#
#........#
#.##.#..#.


You could see Jessica, a hobgoblin and a goblin.

Vanquished Creatures
  A dart slug (D:1)
  A bat (D:1)
  4 endoplasms
  2 goblins (D:1)
  5 hobgoblins (D:1)
  4 jackals (D:1)
  5 kobolds (D:1)
  A quokka (D:1)
  3 ball pythons
  2 frilled lizards (D:1)
  8 rats (D:1)
36 creatures vanquished.

Notes
Turn   | Place    | Note
-------+----------+-------------------------------------------
     0 | D:1      | smilodon the Demonspawn Gladiator began the quest for the
                  | Orb.
     0 | D:1      | Reached XP level 1. HP: 16/16 MP: 1/1
   149 | D:1      | Reached skill level 3 in Long Blades
   211 | D:1      | Found Arrevedo's Antique Armour Shoppe.
   357 | D:1      | Gained mutation: You are partially covered in slimy green
                  | scales. (AC +2) [demonic ancestry]
   357 | D:1      | Reached XP level 2. HP: 22/22 MP: 2/2
   804 | D:1      | Reached XP level 3. HP: 25/27 MP: 3/3
  1258 | D:1      | Got the Disquisition on United Wicked Magic
  1618 | D:2      | Noticed Jessica
  1629 | D:2      | HP: 1/27 [goblin/+0 dagger (2)]
  1629 | D:2      | Killed from afar by Jessica

Illustrated notes

Levels and vault maps discovered:
D:1:      spicycebolla_arrival_ecumenical, layout_loops_corners, serial_shops,
          nicolae_shop_hallway_stairs
D:2:      layout_loops_ring, uniq_jessica

Skill      XL: |  1 |
---------------+----+-----
Long Blades    | 3 |  3.5
Throwing       | 2 |  2.0
Fighting       | |  2.2
Armour         | |  0.2
Dodging        | |  2.9

Action                   || total
-------------------------++-------
Melee: Long sword        ||   105
  Use: Scroll            ||     6
       Potion            ||     2
 Stab: Sleeping          ||     2
Armor: Leather armour    ||    37
Dodge: Dodged            ||    85
